 Dungeon Crawl Stone Soup version 0.21-a0-372-gd0ff781 (webtiles) character file.

196190 EvilAshe the Brawler (level 17, -1/175 HPs)
             Began as a Troll Monk on Oct 17, 2017.
             Was an Elder of Qazlal.
             Slain by a manticore (10 damage)
             ... on level 2 of the Shoals.
             The game lasted 01:52:52 (29513 turns).

EvilAshe the Brawler (Troll Monk)                  Turns: 29513, Time: 01:52:53

Health: -1/175     AC: 12    Str: 30    XL:     17   Next: 73%
Magic:  24/24      EV:  7    Int:  6    God:    Qazlal [****..]
Gold:   2620       SH:  0    Dex: 12    Spells: 14/16 levels left

rFire    . . .     SeeInvis +     - Unarmed
rCold    . . .     Gourm    +   H - +0 large shield
rNeg     . . .     Faith    .   R - +2 robe {MR+}
rPois    +         Spirit   .   Z - +2 hat {SInv}
rElec    +         Reflect  +   N - +2 cloak {rPois}
rCorr    .         Harm     .   (gloves unavailable)
MR       +++..                  (boots unavailable)
Stlth    ..........             y - +3 amulet of reflection
HPRegen  0.79/turn              u - ring "Laeniawn" {rElec Str+2 Slay+6 Stlth-}
MPRegen  0.19/turn              o - ring of Vewk {rElec MR+}

@: lethally poisoned (-1 -> -8), barbed spikes, held, repel missiles
A: unfitting armour, claws 3, fast metabolism 3, gourmand, regeneration 1,
shaggy fur 1, tough skin 2
}: 1/15 runes: serpentine
a: Upheaval, Elemental Force, Renounce Religion


You were on level 2 of the Shoals.
You worshipped Qazlal.
Qazlal was greatly pleased with you.
You were very full.

You visited 6 branches of the dungeon, and saw 29 of its levels.
You also visited: Ice Cave.

You collected 2710 gold pieces.
You spent 90 gold pieces at shops.

Inventory:

Missiles
 a - 10 large rocks (quivered)
 A - 9 javelins
Armour
 D - a +0 shield of poison resistance
 H - a +0 large shield (worn)
 N - a +2 cloak of poison resistance (worn)
 R - a +2 robe of magic resistance (worn)
 S - a +1 robe of cold resistance
 Z - a +2 hat of see invisible (worn)
Jewellery
 o - the ring of Vewk (right claw) {rElec MR+}
   (You acquired it on level 2 of the Snake Pit)

   [ring of protection from magic]

   It insulates you from electricity.
   It affects your resistance to hostile enchantments.
 u - the ring "Laeniawn" (left claw) {rElec Str+2 Slay+6 Stlth-}
   (You found it in an ice cave)

   [ring of loudness]

   It affects your strength (+2).
   It affects your accuracy and damage with ranged weapons and melee attacks
   (+6).
   It insulates you from electricity.
   It makes you less stealthy.
 y - a +3 amulet of reflection (around neck)
 B - an uncursed ring of ice
 M - an uncursed ring of resist corrosion
 P - an uncursed ring of flight
Wands
 d - a wand of paralysis (22/24)
 i - a wand of scattershot (3/9)
 l - a wand of iceblast (6/15)
 m - a wand of iceblast (7/15)
 n - a wand of acid (3/15)
 s - a wand of digging (10/24)
 w - a wand of disintegration (14/24)
 I - a wand of iceblast (7/15)
 J - a wand of acid (1/15)
 W - a wand of paralysis (13/24)
Scrolls
 e - 9 scrolls of remove curse
 f - 2 scrolls of holy word
 h - 2 scrolls of fear
 r - 7 scrolls of enchant armour
 x - 7 scrolls of teleportation
 z - 2 scrolls of summoning
 E - 7 scrolls of blinking
 G - 2 scrolls of magic mapping
 Q - 2 scrolls of fog
Potions
 c - 4 potions of haste
 g - 3 potions of heal wounds
 k - 9 potions of curing
 t - a potion of magic
 v - 5 potions of ambrosia
 C - 5 potions of agility
 F - a potion of berserk rage
 K - 2 potions of lignification
 L - 11 potions of cancellation
 U - a potion of might
 X - a potion of flight {unknown}
Comestibles
 b - 20 bread rations
 j - 17 royal jellies
 q - 4 meat rations


   Skills:
 + Level 12.6 Fighting
 + Level 8.3 Throwing
 + Level 12.7 Dodging
 - Level 1.0 Stealth
 + Level 9.0 Shields
 + Level 16.5 Unarmed Combat
 - Level 3.0 Translocations
 - Level 11.9 Invocations


You had 14 spell levels left.
You knew the following spells:

 Your Spells              Type           Power        Failure   Level  Hunger
b - Blink                 Tloc           N/A          63%         2    ###....


Dungeon Overview and Level Annotations

Branches:
Dungeon (14/15) Temple (1/1) D:6 Lair (6/6) D:10 Shoals (2/4) Lair:2 Snake (4/4) Lair:2 Slime (0/5) Lair:5 Orc (2/2) D:10 Elf (0/3) Orc:2 Vaults (0/5) D:12 D:13

Altars:
Ashenzari
Cheibriados
Dithmenos
Elyvilon
Fedhas
Gozag
Kikubaaqudgha
Nemelex Xobeh
Okawaru
Qazlal
Ru
Sif Muna
Trog
Uskayaw
Vehumet
Wu Jian
Xom
Yredelemnul
Zin
The Shining One
Beogh

Shops:
D:14 =   Orc:2 :?}[

Annotations:
D:11 exclusion: orange crystal statue
Lair:3 exclusion: oklob plant


Innate Abilities, Weirdness & Mutations

You are too large for most types of armour.
You have claws for hands.
Your metabolism is lightning-fast.
You like to eat raw meat.
Your natural rate of healing is unusually fast.
You are covered in fur. (AC +1)
You have very tough skin. (AC +2)


Message History

You become entangled in the net!
The merfolk impaler hits you with a trident of venom!!
* * * LOW HITPOINT WARNING * * *
You are more poisoned.
The merfolk impaler barely misses you.
You struggle against the net.
You feel sick.
The merfolk siren chants a haunting song.
You resist with almost no effort.
The merfolk siren chants a haunting song.
You resist with almost no effort.
The manticore flicks its tail.
The volley of spikes is repelled.
The volley of spikes hits the merfolk impaler.
The merfolk impaler hits you with a trident of venom.
* * * LOW HITPOINT WARNING * * *
You are more poisoned.
The merfolk impaler hits you from afar with a trident of piercing!!
* * * LOW HITPOINT WARNING * * *
x2 The manticore bites you!
You die...

≈≈≈≈≈≈≈≈≈≈..
≈≈≈≈≈≈≈≈≈≈.m
≈≈≈≈≈≈≈≈}≈c##
≈≈m≈≈≈≈≈)≈..##
≈≈≈≈≈≈≈≈≈≈.$≈####
≈≈≈≈/≈≈≈≈)...≈≈≈?
≈≈≈≈≈§.§≈≈≈≈≈≈≈≈≈
≈≈≈≈≈≈≈Hm§.≈≈≈≈≈≈
≈≈≈≈m§≈@##..≈≈≈≈≈
≈≈≈≈≈≈≈## ..#..≈≈
≈≈≈≈≈≈m ....≈≈≈
≈≈≈≈H≈≈ ..≈≈≈≈≈
.≈≈≈≈≈≈ .≈..≈≈≈
#.≈≈≈≈≈ ....≈≈
##..≈≈≈ ##.≈≈≈


You could see 2 merfolk impalers, a merfolk, a faun, 2 manticores and 2 merfolk
sirens.

Vanquished Creatures
  Gastronok (D:11)
  10 nagarajas
  An orc warlord (D:10)
  Louise (Shoals:1)
  The ghost of Xeas the Imperceptible, an adept SpEn of Dithmenos (Snake:2)
  The ghost of krupnik1 the Fighter, a journeyman GrFi of the Shining One (Lair:6)
  The ghost of Drevant the Geomancer, a journeyman DgEE (Lair:1)
  2 merfolk impalers (Shoals:1)
  An ettin (Orc:2)
  Fannar (Orc:2)
  24 naga warriors
  4 hydras
  A centaur warrior (D:13)
  Erica (D:8)
  3 ogre magi (Orc:2)
  7 anacondas
  A merfolk avatar (Shoals:1)
  4 merfolk aquamancers (Shoals:1)
  8 two-headed ogres
  3 death yaks
  12 shock serpents
  Urug (D:13)
  12 naga sharpshooters
  A sixfirhy (D:7)
  2 unseen horrors
  6 naga ritualists
  Pikel (D:8)
  5 mana vipers
  2 ugly things (IceCv)
  2 orc knights
  14 salamanders
  10 orc sorcerers
  A cyclops (D:11)
  A manticore (D:13)
  4 elephants (Lair:2)
  12 guardian serpents
  Maurice (D:9)
  33 naga magi
  Psyche (D:9)
  Joseph (D:8)
  3 merfolk sirens
  2 water nymphs
  35 black mambas
  3 ice statues (IceCv)
  A rime drake (Lair:3)
  5 komodo dragons
  An efreet (D:14)
  9 spiny frogs
  A freezing wraith (D:14)
  A tengu conjurer (D:13)
  6 trolls
  A queen bee (Lair:2)
  8 polar bears
  2 wind drakes
  7 hornets
  11 merfolk
  6 slime creatures
  9 blink frogs
  3 dream sheep
  18 hippogriffs
  16 spriggans
  Sigmund (D:3)
  A vampire (D:13)
  14 humans (D:13)
  6 wyverns
  2 water elementals (Shoals:1)
  21 yaks
  3 hungry ghosts
  5 wraiths (Lair:5)
  10 basilisks
  Grum (D:7)
  2 steam dragons
  An acid dragon (D:12)
  64 nagas
  2 wargs (Orc:1)
  A two-headed ogre zombie (D:10)
  Edmund (D:6)
  6 porcupines
  12 water moccasins
  9 black bears
  A hornet zombie (D:14)
  4 slaves (D:8)
  16 ice beasts
  4 sky beasts
  16 orc warriors
  2 necrophages (D:9)
  3 boggarts (Lair:6)
  19 ogres
  7 centaurs
  30 wolves
  23 crocodiles
  4 phantoms
  2 big kobolds
  15 bullfrogs
  A wyvern zombie (D:11)
  A troll zombie (D:10)
  2 scorpions
  40 killer bees
  21 wights
  5 howler monkeys
  2 electric eels
  7 crimson imps
  A bullfrog zombie (D:5)
  3 centaur zombies
  5 hounds
  2 jellies
  6 bullfrog skeletons
  A gnoll shaman (D:9)
  15 orc priests
  3 centaur skeletons
  2 hell rats (D:10)
  35 orc wizards
  9 worker ants
  5 iguanas
  6 ogre zombies (D:10)
  Robin (D:3)
  2 worker ant zombies
  22 adders
  14 gnolls
  2 shadow imps
  2 worms (D:2)
  7 leopard geckos
  89 orcs
  2 ball pythons (D:2)
  5 giant cockroaches
  12 goblins
  9 hobgoblins
  3 jackals (D:4)
  10 kobolds
  8 quokkas
  9 bats
  7 frilled lizards
  4 goblin zombies (D:10)
  2 hobgoblin skeletons (D:10)
  2 hobgoblin zombies (D:10)
  A jackal zombie (D:6)
  2 leopard gecko skeletons (D:5)
  An orc skeleton (D:10)
  16 orc zombies (D:10)
  10 rats
  2 butterflies (Lair:3)
1070 creatures vanquished.

Vanquished Creatures (collateral kills)
  Josephine (Lair:6)
  3 hydras
  2 naga warriors (Snake:2)
  A salamander (Snake:2)
  A faun (Shoals:2)
  A merfolk siren (Shoals:1)
  A water nymph (Shoals:2)
  An efreet (D:13)
  2 blink frogs
  2 water elementals
  A human (D:13)
  A wyvern (Lair:2)
  A naga (Snake:2)
  A wolf (Lair:6)
  A wyvern skeleton (D:9)
  A wight (D:13)
21 creatures vanquished.

Vanquished Creatures (others)
  2 centaur warriors (D:13)
  2 naga sharpshooters
  A faun (Shoals:1)
  A naga mage (Snake:2)
  A naga (Snake:3)
  2 centaurs (D:10)
  2 orc wizards
  A kobold (D:12)
  20 fungi
  34 plants
66 creatures vanquished.

Grand Total: 1157 creatures vanquished

Notes
Turn   | Place    | Note
-------+----------+-------------------------------------------
     0 | D:1      | EvilAshe the Troll Monk began the quest for the Orb.
     0 | D:1      | Reached XP level 1. HP: 22/22 MP: 0/0
   129 | D:1      | Reached XP level 2. HP: 29/29 MP: 1/1
   831 | D:2      | Reached XP level 3. HP: 36/36 MP: 2/2
   903 | D:2      | Reached skill level 4 in Unarmed Combat
  1150 | D:2      | Reached XP level 4. HP: 40/44 MP: 3/3
  1214 | D:2      | Found a glowing golden altar of the Shining One.
  1263 | D:2      | Noticed a moth of wrath
  1267 | D:2      | Found a bloodstained altar of Trog.
  2081 | D:2      | Reached XP level 5. HP: 45/53 MP: 4/4
  2294 | D:3      | Noticed Sigmund
  2540 | D:4      | Noticed a phantom
  2613 | D:4      | Killed a phantom
  2613 | D:4      | Reached skill level 5 in Unarmed Combat
  2645 | D:4      | Reached XP level 6. HP: 53/61 MP: 5/5
  2961 | D:4      | Reached skill level 6 in Unarmed Combat
  2989 | D:4      | Reached XP level 7. HP: 63/70 MP: 6/6
  3057 | D:4      | Learned a level 2 spell: Blink
  3356 | D:5      | Entered Level 5 of the Dungeon
  3664 | D:5      | Found a sacrificial altar of Ru.
  3757 | D:5      | Reached skill level 1 in Translocations
  4160 | D:5      | Reached skill level 7 in Unarmed Combat
  4219 | D:6      | Found a staircase to the Ecumenical Temple.
  4228 | Temple   | Entered the Ecumenical Temple
  4276 | Temple   | Became a worshipper of Qazlal Stormbringer
  4276 | Temple   | Reached * piety under Qazlal
  4276 | Temple   | Reached ** piety under Qazlal
  4434 | D:6      | Reached XP level 8. HP: 79/79 MP: 7/7
  4754 | D:6      | Noticed Edmund
  4763 | D:6      | Killed Edmund
  5222 | D:7      | Found a runed door.
  5227 | D:7      | Noticed a sixfirhy
  5232 | D:7      | Killed a sixfirhy
  5232 | D:7      | Reached skill level 5 in Fighting
  5232 | D:7      | Reached skill level 5 in Dodging
  5232 | D:7      | Reached skill level 8 in Unarmed Combat
  5291 | D:7      | Reached XP level 9. HP: 36/88 MP: 8/8
  6024 | D:8      | Noticed a two-headed ogre
  6042 | D:7      | Killed a two-headed ogre
  6042 | D:7      | Reached skill level 1 in Shields
  6042 | D:7      | Reached skill level 9 in Unarmed Combat
  6247 | D:8      | Found a radiant altar of Vehumet.
  6320 | D:8      | Found a blossoming altar of Fedhas.
  6320 | D:8      | Noticed Grum
  6509 | D:7      | Killed Grum
  6562 | D:8      | Reached skill level 10 in Unarmed Combat
  6562 | D:8      | Reached XP level 10. HP: 98/98 MP: 9/9
  6629 | D:8      | Reached *** piety under Qazlal
  6659 | D:8      | Noticed a two-headed ogre
  6680 | D:8      | Killed a two-headed ogre
  6774 | D:8      | Noticed Joseph
  6790 | D:8      | Killed Joseph
  7012 | D:8      | Noticed Pikel
  7021 | D:8      | Killed Pikel
  7021 | D:8      | Reached skill level 1 in Invocations
  7046 | D:8      | Found an iron altar of Okawaru.
  7073 | D:8      | Found a shimmering altar of Xom.
  7243 | D:8      | Reached skill level 11 in Unarmed Combat
  7329 | D:8      | Found a roughly hewn altar of Beogh.
  7568 | D:3      | Killed Sigmund
  7622 | D:3      | Noticed Robin
  7627 | D:3      | Killed Robin
  7724 | D:3      | Reached **** piety under Qazlal
  7990 | D:9      | Noticed a two-headed ogre
  8004 | D:9      | Noticed Erica
  8006 | D:9      | Noticed Maurice
  8018 | D:8      | Killed Erica
  8039 | D:8      | Killed a two-headed ogre
  8039 | D:8      | Reached XP level 11. HP: 109/109 MP: 9/11
  8100 | D:9      | Killed Maurice
  8271 | D:9      | Noticed Psyche
  8275 | D:9      | Killed Psyche
  8566 | D:10     | Entered Level 10 of the Dungeon
  8574 | D:10     | Noticed a two-headed ogre
  8586 | D:10     | Killed a two-headed ogre
  8766 | D:10     | Noticed a death yak
  8768 | D:10     | Noticed a death yak
  8775 | D:10     | Noticed a death yak
  8782 | D:10     | Killed a death yak
  8806 | D:9      | Killed a death yak
  8806 | D:9      | Reached skill level 5 in Shields
  8806 | D:9      | Reached skill level 12 in Unarmed Combat
  8898 | D:9      | Killed a death yak
  9028 | D:10     | Noticed an orc sorcerer
  9078 | D:10     | Killed an orc sorcerer
  9231 | D:10     | Found a staircase to the Orcish Mines.
  9259 | D:10     | Found a staircase to the Lair.
  9578 | D:11     | Reached ***** piety under Qazlal
  9647 | D:11     | Reached XP level 12. HP: 96/118 MP: 14/14
 10077 | D:11     | Noticed a two-headed ogre
 10093 | D:11     | Killed a two-headed ogre
 10261 | D:11     | Noticed Gastronok
 10279 | D:11     | Killed Gastronok
 10279 | D:11     | Reached skill level 5 in Invocations
 10560 | D:12     | Noticed a two-headed ogre
 10598 | D:12     | Killed a two-headed ogre
 10763 | D:12     | Noticed a five-headed hydra
 10829 | D:12     | Killed a five-headed hydra
 11386 | D:13     | Found a gate to the Vaults.
 11386 | D:13     | Noticed a two-headed ogre
 11386 | D:13     | Noticed Urug
 11386 | D:13     | Noticed a centaur warrior
 11470 | D:13     | Noticed a centaur warrior
 11472 | D:13     | Killed a centaur warrior
 11472 | D:13     | Reached skill level 13 in Unarmed Combat
 11556 | D:13     | Killed Urug
 11575 | D:13     | Killed a centaur warrior
 11651 | D:13     | Reached XP level 13. HP: 129/129 MP: 16/16
 12014 | D:13     | Found a stormy altar of Qazlal.
 12334 | D:14     | Found Gamozyh's Jewellery Shoppe.
 13017 | Lair:1   | Entered Level 1 of the Lair of Beasts
 13332 | Lair:1   | Noticed Drevant's ghost (journeyman DgEE)
 13348 | Lair:1   | Killed Drevant's ghost
 14254 | Lair:2   | Reached ****** piety under Qazlal
 14523 | Lair:2   | Identified a scroll of acquirement
 14524 | Lair:2   | Got a vibrating bone amulet
 14569 | Lair:2   | Found a staircase to the Snake Pit.
 14776 | Lair:2   | Found a staircase to the Shoals.
 14929 | Lair:3   | Reached XP level 14. HP: 140/140 MP: 18/18
 15170 | Lair:3   | Found a frozen archway.
 15203 | IceCv    | Entered an ice cave
 15344 | IceCv    | Reached skill level 14 in Unarmed Combat
 15422 | IceCv    | Got a bound pewter ring
 16062 | Lair:4   | Reached skill level 10 in Dodging
 16613 | Lair:5   | Identified the amulet of Xessyoz {RegenMP Int+3} (You acquired it on level 2 of the Lair of Beasts)
 16725 | Lair:4   | Reached skill level 10 in Fighting
 16742 | Lair:4   | HP: 6/143 [six-headed hydra (13)]
 17008 | Lair:5   | Found a staircase to the Slime Pits.
 17525 | Lair:6   | Entered Level 6 of the Lair of Beasts
 17851 | Lair:6   | Noticed krupnik1's ghost (journeyman GrFi)
 17958 | Lair:6   | Killed krupnik1's ghost
 19158 | Lair:5   | Noticed Josephine
 19177 | Lair:6   | Killed Josephine
 19177 | Lair:6   | Reached skill level 1 in Throwing
 19351 | Lair:5   | Reached XP level 15. HP: 148/152 MP: 20/20
 20235 | Orc:1    | Entered Level 1 of the Orcish Mines
 20699 | Orc:1    | Noticed an orc warlord
 20753 | D:10     | Killed an orc warlord
 20914 | Orc:2    | Entered Level 2 of the Orcish Mines
 20968 | Orc:1    | Identified the ring "Laeniawn" {rElec Str+2 Slay+6 Stlth-} (You found it in an ice cave)
 21185 | Orc:2    | Found a staircase to the Elven Halls.
 21270 | Orc:1    | Found a bloodstained altar of Trog.
 21270 | Orc:1    | Noticed Fannar
 21312 | Orc:2    | Killed Fannar
 21632 | Orc:2    | Found Xomilet's Antique Armour Shoppe.
 21669 | Orc:2    | Found an ancient bone altar of Kikubaaqudgha.
 21716 | Orc:2    | Found a radiant altar of Vehumet.
 21750 | Orc:2    | Found a roughly hewn altar of Beogh.
 21750 | Orc:2    | Found Pemoable's Book Shoppe.
 21754 | Orc:2    | Found Cisoz's Gadget Emporium.
 21765 | Orc:2    | Found Acayfuaz's Magic Scroll Shoppe.
 21798 | Orc:2    | Bought a scroll of teleportation for 45 gold pieces
 21798 | Orc:2    | Bought a scroll of teleportation for 45 gold pieces
 22352 | Snake:1  | Entered Level 1 of the Snake Pit
 22554 | Snake:1  | Reached skill level 15 in Unarmed Combat
 22962 | Snake:1  | Reached skill level 10 in Invocations
 23649 | Snake:2  | Noticed Xeas's ghost (adept SpEn)
 23666 | Snake:2  | Killed Xeas's ghost
 23827 | Snake:2  | Noticed a nagaraja
 23830 | Snake:2  | Noticed a nagaraja
 23833 | Snake:2  | Killed a nagaraja
 23858 | Snake:2  | Reached XP level 16. HP: 95/162 MP: 22/22
 23904 | Snake:2  | Reached skill level 5 in Throwing
 24394 | Snake:2  | Got a smoking lead ring
 24624 | Snake:2  | Identified Sif Muna's Grimoire of the Oath and Poisoning
 24636 | Snake:2  | Found the +3 robe of Folly {Archmagi, MR-- Int+5}
 26944 | Snake:4  | Entered Level 4 of the Snake Pit
 27535 | Snake:4  | Reached XP level 17. HP: 110/172 MP: 24/24
 27647 | Snake:4  | Reached skill level 16 in Unarmed Combat
 28658 | Snake:4  | Got a serpentine rune of Zot
 28902 | Lair:1   | Identified the ring of Vewk {rElec MR+} (You acquired it on level 2 of the Snake Pit)
 28958 | Shoals:1 | Entered Level 1 of the Shoals
 29154 | Shoals:1 | Noticed Louise
 29202 | Shoals:1 | Killed Louise
 29513 | Shoals:2 | Slain by a manticore

Vault maps used:
D:1:      minmay_arrival_loop, fountainhead
D:2:      nicolae_tso_carved_into_rock, wad_floor_pattern_1, tgw_trog
D:3:      dk_noncrumbling_3, uniq_robin, uniq_sigmund
D:4:      hangedman_decor_push
D:5:      nicolae_overflow_crystal_walls, first_bread
D:6:      minmay_temple_entry_glass, uniq_edmund
D:7:      cheibrodos_shockbox
D:8:      nicolae_overflow_hidden_temple, okawaru_gym_becter,
          lemuel_doored_altar, lemuel_crystal_altar, special_room,
          grunt_ogre_cave, minmay_misc_feat_x, kennysheep_windowed_goal,
          uniq_pikel, uniq_grum, uniq_joseph
D:9:      uniq_erica, uniq_maurice, uniq_psyche
D:10:     dpeg_lair_monsters, zombieorc2_lemuel, hangedman_decor_growths
D:11:     minmay_statue_bubble, uniq_gastronok
D:13:     david_vaults_3, grunt_qazlal_sundering
D:14:     serial_shops, nicolae_shop_statue_plus, minivault_11
Temple:   eino_temple_rhombus
Lair:1:   minmay_lair_venomous_thicket, nzn_random_ring
Lair:2:   regret_index_tunnel_blossom, elwin_shoals_entry_rocks,
          minmay_snake_entry_guardpost_small
Lair:3:   portal_ice_cave_entry_ice_beasts, minmay_lair_oklob_bushes,
          cheibrodos_lair_lostbears, grunt_megastairs_3,
          infiniplex_staircase_pool_2, lemuel_fruit_fields
Lair:4:   lemuel_fruit_tree
Lair:5:   wad_woods_structure_01, minmay_slime_entry_pillars, uniq_josephine
Lair:6:   minmay_lair_end_enchanted_forest, grunt_forest_stairs_basic,
          serial_bayou_shore_a
Shoals:1: nicolae_shoals_aquamancer_cove, uniq_nikola, uniq_louise
Shoals:2: serial_shops, shop, uniq_kirke
Snake:1:  nrook_guardian_serpent_snake_passage
Snake:2:  spider_trap, hangedman_snake_sidewinding
Snake:3:  grunt_ministairs_7
Snake:4:  snake_pit
Orc:1:    basic_altar, uniq_fannar
Orc:2:    kennysheep_orc_mage_school, nicolae_orc_tapped_out
IceCv:    ice_cave_statue_garden_chambered

Skill      XL: |  1  2  3  4  5  6  7  8  9 10 11 12 13 14 15 16 17 |
---------------+----------------------------------------------------+-----
Unarmed Combat | 4 5 6 7 8 10 11 12 13 14 15 16 | 16.5
Fighting       | 3 4 5 6 7 8 9 10 11 12 | 12.6
Dodging        | 3 4 5 6 7 8 9 10 11 12 | 12.7
Translocations | 1 2 3 |  3.0
Shields        | 2 4 5 6 7 9 |  9.0
Invocations    | 2 4 6 7 9 10 11 | 11.9
Throwing       | 1 4 7 8 |  8.3
Stealth        | |  1.0

Action                   |  1- 3 |  4- 6 |  7- 9 | 10-12 | 13-15 | 16-18 || total
-------------------------+-------+-------+-------+-------+-------+-------++-------
Melee: Unarmed           |    86 |   117 |   243 |   840 |  1414 |   682 ||  3382
       Punch             |     1 |     2 |     5 |       |       |       ||     8
Throw: Javelin           |       |     5 |    15 |    33 |    53 |     3 ||   109
       Large rock        |       |       |       |       |     1 |    23 ||    24
Invok: Upheaval          |       |       |     1 |    11 |    12 |     5 ||    29
       Elemental Force   |       |       |       |     2 |    11 |     5 ||    18
       Disaster Area     |       |       |       |       |     2 |     4 ||     6
Evoke: Wand              |       |       |     2 |    12 |     2 |     7 ||    23
  Use: Scroll            |       |     3 |     5 |     7 |    18 |     8 ||    41
       Potion            |       |       |     1 |       |     1 |     3 ||     5
 Stab: Sleeping          |     4 |     2 |       |       |       |       ||     6
       Confused          |       |       |     1 |       |       |       ||     1
       Paralysed         |       |       |       |     2 |       |       ||     2
  Eat: Chunk             |    16 |    17 |    41 |    47 |   102 |    35 ||   258
       Fruit             |       |       |       |       |     4 |    24 ||    28
       Meat ration       |       |       |       |       |       |     1 ||     1
Armor: Robe              |    23 |    31 |    49 |    76 |   187 |    59 ||   425
       Skin              |       |       |       |     2 |       |       ||     2
Dodge: Dodged            |    51 |    45 |    92 |   170 |   366 |   214 ||   938
       Deflected         |       |       |       |     3 |    16 |    55 ||    74
Block: Other             |       |       |     4 |       |       |       ||     4
       Shield            |       |       |    57 |   518 |  1223 |   612 ||  2410
       Reflection        |       |       |       |    31 |    39 |   111 ||   181
       Large shield      |       |       |       |       |       |    36 ||    36

Table legend:
 A = Spawn XP
 B = Non-spawn XP
 C = Spawn XP percentage of total XP
 D = Spawn monster count
 E = Non-spawn monster count
 F = Spawn count percentage of total count
 G = Total turns spent on level
                    A         B        C        D         E        F      G
               +---------+---------+-------+---------+---------+-------+---------
         Total |       0 |  270475 |   0.0 |       0 |    1095 |   0.0 | 29513
               +---------+---------+-------+---------+---------+-------+---------
           D:1 |       0 |      33 |   0.0 |       0 |      20 |   0.0 |   709
           D:2 |       0 |     139 |   0.0 |       0 |      22 |   0.0 |  1157
           D:3 |       0 |     326 |   0.0 |       0 |      32 |   0.0 |   847
           D:4 |       0 |     668 |   0.0 |       0 |      19 |   0.0 |  1020
           D:5 |       0 |     498 |   0.0 |       0 |      23 |   0.0 |   792
           D:6 |       0 |     377 |   0.0 |       0 |      10 |   0.0 |  1030
           D:7 |       0 |    3698 |   0.0 |       0 |      28 |   0.0 |  1255
           D:8 |       0 |    6239 |   0.0 |       0 |      52 |   0.0 |  1166
           D:9 |       0 |    3819 |   0.0 |       0 |      32 |   0.0 |   775
          D:10 |       0 |    6989 |   0.0 |       0 |      79 |   0.0 |  1151
          D:11 |       0 |    8168 |   0.0 |       0 |      45 |   0.0 |   935
          D:12 |       0 |    4477 |   0.0 |       0 |      29 |   0.0 |  1031
          D:13 |       0 |   11553 |   0.0 |       0 |      57 |   0.0 |   885
          D:14 |       0 |    2490 |   0.0 |       0 |       9 |   0.0 |   610
        Lair:1 |       0 |    5753 |   0.0 |       0 |      27 |   0.0 |  1113
        Lair:2 |       0 |   12641 |   0.0 |       0 |      71 |   0.0 |  1120
        Lair:3 |       0 |    6319 |   0.0 |       0 |      34 |   0.0 |   873
        Lair:4 |       0 |    4875 |   0.0 |       0 |      19 |   0.0 |  1017
        Lair:5 |       0 |   10886 |   0.0 |       0 |      51 |   0.0 |  1448
        Lair:6 |       0 |   15236 |   0.0 |       0 |      63 |   0.0 |  1515
      Shoals:1 |       0 |   14444 |   0.0 |       0 |      28 |   0.0 |   522
      Shoals:2 |       0 |    2243 |   0.0 |       0 |       7 |   0.0 |    33
       Snake:1 |       0 |   19347 |   0.0 |       0 |      42 |   0.0 |  1441
       Snake:2 |       0 |   30729 |   0.0 |       0 |      55 |   0.0 |  1552
       Snake:3 |       0 |   20303 |   0.0 |       0 |      36 |   0.0 |  1662
       Snake:4 |       0 |   58930 |   0.0 |       0 |      99 |   0.0 |  1710
         Orc:1 |       0 |    4556 |   0.0 |       0 |      40 |   0.0 |   752
         Orc:2 |       0 |   11546 |   0.0 |       0 |      55 |   0.0 |  1069
         IceCv |       0 |    3193 |   0.0 |       0 |      11 |   0.0 |   257
               +---------+---------+-------+---------+---------+-------+---------
